 Dungeon Crawl Stone Soup version 0.29.1-15-g9cfb28693d (webtiles) character file.

Game seed: 15705439780402177477

822 WimpyRanger the Chopper (level 7, -3/60 HPs)
             Began as a Palentonga Fighter on Mar 10, 2023.
             Was a Priest of Makhleb.
             Slain by a yak (13 damage)
             ... on level 5 of the Dungeon.
             The game lasted 00:07:17 (5495 turns).

WimpyRanger the Chopper (Palentonga Fighter)        Turns: 5495, Time: 00:07:18

Health: -3/60      AC: 13    Str: 23    XL:     7   Next: 63%
Magic:  7/7        EV:  6    Int:  9    God:    Makhleb [***...]
Gold:   236        SH: 10    Dex:  9    Spells: 6/6 levels left

rFire   . . .      SeeInvis +   a - +0 war axe
rCold   . . .      Faith    .   y - +2 kite shield
rNeg    . . .      Spirit   .   b - +0 scale mail
rPois   .          Reflect  .   (no helmet)
rElec   .          Harm     .   (no cloak)
rCorr   .          Rampage  .   (no gloves)
Will    .....                   (no barding)
Stlth   ..........              e - amulet of the acrobat
HPRegen 0.20/turn               (no ring)
MPRegen 0.10/turn               (no ring)

@: curled up
A: large, rugged brown scales 3, see invisible, deformed body, roll 1, armoured
tail, reflexive curl
a: Rolling Charge, Renounce Religion, Minor Destruction, Lesser Servant of
Makhleb


You were on level 5 of the Dungeon.
You worshipped Makhleb.
Makhleb was most pleased with you.
You visited 1 branch of the dungeon, and saw 5 of its levels.

You collected 236 gold pieces.

Inventory:

Hand Weapons
 a - a +0 war axe (weapon)
 n - a +2 vampiric short sword
Missiles
 j - a throwing net
Armour
 b - a +0 scale mail (worn)
 c - a +0 buckler
 y - a +2 kite shield (worn)
Jewellery
 e - an amulet of the acrobat (around neck)
Wands
 v - a wand of polymorph (12)
Scrolls
 f - 2 scrolls of identify
 l - 2 scrolls of vulnerability
 o - a scroll of poison {unknown}
 q - a scroll of teleportation {unknown}
 s - a scroll of silence {unknown}
 u - a scroll of enchant armour {unknown}
 w - a scroll of butterflies
Potions
 d - 3 potions of might
 g - 3 potions of lignification
 h - a potion of degeneration
 i - a potion of flight
 k - a potion of berserk rage {unknown}
 m - a potion of ambrosia {unknown}
 p - a potion of resistance {unknown}
 r - 2 potions of curing
 t - a potion of mutation {unknown}
 x - a potion of heal wounds {unknown}


   Skills:
 * Level 5.6 Fighting
 + Level 6.7 Axes
 - Level 3.0 Armour
 * Level 3.4 Shields


You had 6 spell levels left.
You didn't know any spells.
Your spell library contained the following spells:

 Spells                   Type           Power      Damage    Failure   Level
 Call Canine Familiar     Summ           0%         N/A       100%        3
 Conjure Flame            Conj/Fire      0%         6-21      100%        3
 Dazzling Flash           Conj/Hex       0%         N/A       100%        3
 Frozen Ramparts          Ice            0%         1d1       100%        3
 Ignite Poison            Fire/Tmut/Pois 0%         N/A       100%        3
 Portal Projectile        Hex/Tloc       0%         N/A       100%        3
 Ice Form                 Ice/Tmut       0%         N/A       100%        4
 Iskenderun's Mystic Bla  Conj/Tloc      0%         2d3       100%        4
 Leda's Liquefaction      Hex/Erth       0%         N/A       100%        4
 Sticky Flame             Conj/Fire      0%         2d3       100%        4
 Summon Ice Beast         Ice/Summ       0%         N/A       100%        4
 Starburst                Conj/Fire      0%         6d3       100%        6


Dungeon Overview and Level Annotations

Branches:
Dungeon (5/15)
 Temple: D:4-7

Altars:
Gozag
Makhleb
Xom

Shops:
D:3 [   D:5 [


Innate Abilities, Weirdness & Mutations

You are completely covered in rugged brown scales. (AC +3, +7% HP)
You have supernaturally acute eyesight. (SInv)
Armour fits poorly on your strangely shaped body.
You can roll at nearby foes to attack.
You have a long armoured tail.
You curl defensively after being hit. (AC +7*)


Message History

The yak is almost dead.
The yak gores you!
You hit the yak.
You kill the yak!
Makhleb accepts your kill. The yak gores you but does no damage.
You closely miss the yak.
You tail-slap the yak, but do no damage.
You block the yak's attack.
You hit the yak. You tail-slap the yak!
The yak is moderately wounded.
The yak gores you!
You completely miss the yak.
You tail-slap the yak, but do no damage.
The yak is moderately wounded.
You block the yak's attack. The yak gores you!
You hit the yak.
The yak is heavily wounded.
The yak barely misses you.
You closely miss the yak.
The yak is heavily wounded.
You block the yak's attack.
You hit the yak.
The yak is heavily wounded.
The yak barely misses you.
You slash the yak!
The yak is severely wounded.
The yak gores you. x2
You barely miss the yak.
The yak is severely wounded.
The yak gores you!
You hit the yak but do no damage.
The yak is severely wounded.
The yak gores you!
* * * LOW HITPOINT WARNING * * *
Okay, then.
As you read the scroll of identify, it crumbles to dust.
w - a scroll of butterflies The yak gores you!
You die...

........########'#
........#.........
........'......... ##
####+##....##........
##..##....##....##......).
....Y......#....##....###.
..Y...Y.YY.#....##....####
##..##.##Y####..##........
####@####..##...))∩).
#........##.....##.
#........##.....##.
#........#......#..
#........#......#..
#........#......#..
#######..#......#..
#..##..##.###
...##..##.###


You could see 3 yaks.

Vanquished Creatures
  2 yaks (D:5)
  4 crimson imps (D:3)
  A hound (D:5)
  A gnoll bouda (D:4)
  An orc priest (D:5)
  An iguana (D:5)
  3 orc wizards
  4 adders
  2 gnolls (D:4)
  2 worms
  A dart slug (D:2)
  17 orcs
  4 bats
  8 endoplasms
  3 giant cockroaches
  11 goblins
  4 hobgoblins
  3 jackals (D:2)
  3 kobolds
  7 quokkas
  5 ball pythons
  5 frilled lizards
  10 rats
102 creatures vanquished.

Vanquished Creatures (collateral kills)
  2 gnolls (D:4)
2 creatures vanquished.

Vanquished Creatures (others)
  4 plants (D:2)
4 creatures vanquished.

Grand Total: 108 creatures vanquished

Notes
Turn   | Place    | Note
-------+----------+-------------------------------------------
     0 | D:1      | WimpyRanger the Palentonga Fighter began the quest for the
                  | Orb.
     0 | D:1      | Reached XP level 1. HP: 19/19 MP: 1/1
   334 | D:1      | Reached XP level 2. HP: 25/25 MP: 2/2
   473 | D:1      | Found a faded altar of an unknown god.
   528 | D:1      | Prayed at the altar of an unknown god.
   528 | D:1      | Became a worshipper of Makhleb the Destroyer
   528 | D:1      | Reached * piety under Makhleb
  1065 | D:1      | Reached XP level 3. HP: 31/31 MP: 3/3
  1450 | D:2      | Found an opulent altar of Gozag.
  1636 | D:2      | Reached ** piety under Makhleb
  1837 | D:2      | Reached XP level 4. HP: 39/39 MP: 4/4
  2059 | D:2      | Reached skill level 3 in Axes
  2370 | D:3      | Found Saxaag's Armour Shoppe.
  2716 | D:3      | Found a shimmering altar of Xom.
  2724 | D:3      | Reached XP level 5. HP: 38/44 MP: 5/5
  2748 | D:3      | Reached skill level 4 in Axes
  3098 | D:4      | Found an opulent altar of Gozag.
  3229 | D:4      | Reached XP level 6. HP: 51/51 MP: 6/6
  3234 | D:4      | Reached *** piety under Makhleb
  3235 | D:4      | Reached skill level 5 in Axes
  3704 | D:4      | HP: 3/78 [gnoll/+3 whip[a gnoll bouda] (3)]
  5067 | D:5      | Entered Level 5 of the Dungeon
  5110 | D:5      | Found Bamnirgh's Antique Armour Shoppe.
  5132 | D:5      | Reached skill level 6 in Axes
  5332 | D:5      | Gained mutation: You curl defensively after being hit. (AC
                  | +7*) [Palentonga growth]
  5332 | D:5      | Reached XP level 7. HP: 47/58 MP: 7/7
  5467 | D:5      | Noticed a yak
  5468 | D:5      | Noticed a yak
  5468 | D:5      | Noticed a yak
  5469 | D:5      | Noticed a yak
  5477 | D:5      | Noticed a yak
  5479 | D:5      | Killed a yak
  5480 | D:5      | Reached skill level 5 in Fighting
  5485 | D:5      | Killed a yak
  5495 | D:5      | Slain by a yak

Illustrated notes

Levels and vault maps discovered:
D:1:      giann_horns, layout_basic, hellmonk_ecumenical_altar_lost_god
D:2:      wad_pebble_path, layout_loops_ring, basic_altar,
          hangedman_abyss_or_decor_lesser_grid, serial_bayou_pond_a
D:3:      layout_basic, led_xom_imps, serial_shops, nicolae_shop_stone
D:4:      layout_basic, grunt_gozag_breadcrumbs, chequers_serial_rivers_room_b
D:5:      layout_gridville, serial_shops, shop, minmay_fractal_squares_gapless_5

Skill      XL: |  1  2  3  4  5  6  7 |
---------------+----------------------+-----
Shields        | 3 |  3.4
Axes           | 3 4 6 |  6.7
Armour         | 3 |  3.0
Fighting       | 4 5 |  5.6

Action                   |  1- 3 |  4- 6 |  7- 9 || total
-------------------------+-------+-------+-------++-------
Melee: War axe           |   104 |   169 |    20 ||   293
       Tailslap          |    13 |    15 |     6 ||    34
Invok: Lesser Servant of |       |     1 |       ||     1
 Abil: Rolling Charge    |     3 |     1 |       ||     4
  Use: Scroll            |       |     2 |     2 ||     4
       Potion            |       |     2 |       ||     2
Armor: Scale mail        |    56 |    56 |     2 ||   114
Dodge: Dodged            |    48 |    60 |     5 ||   113
Block: Buckler           |    17 |    35 |       ||    52
       Kite shield       |       |       |     9 ||     9
